[Event "Mitropa Cup Women 2024"]
[Site "Apolda"]
[Date "2024.02.17"]
[Round "3.6"]
[White "Demeter, Dorina"]
[Black "Medic, Mirjana"]
[Result "1-0"]
[ECO "D37"]
[WhiteElo "2271"]
[BlackElo "2151"]
[Annotator "RC"]
[PlyCount "77"]
[EventDate "2024.02.15"]
[EventType "team-tourn"]
[EventCountry "GER"]
[SourceTitle "playchess.com"]
[Source "ChessBase"]
[SourceQuality "1"]
[WhiteTeam "Hungary"]
[BlackTeam "Croatia"]
[WhiteTeamCountry "HUN"]
[BlackTeamCountry "CRO"]
[TimeControl "40/5400+30:1800+30"]

1. Nf3 d5 2. d4 Nf6 3. c4 e6 4. Nc3 Be7 5. Bf4 c6 6. e3 Nbd7 7. h3 O-O 8. Qc2 b6 9. cxd5 exd5 10. Bd3 Bb7 11. O-O Rc8 12. Ne5 Re8 13. Nxd7 Nxd7 14. Bxh7+ Kh8 15. Bf5 Ra8 16. Rac1 Bf6 17. Rfd1 Nf8 18. e4 g6 19. Bg4 Ne6 20. Bxe6 Rxe6 21. e5 Bg7 22. Qd2 Kg8 23. Bh6 Qh4 24. Bg5 Qh5 25. Ne2 Ree8 26. Ng3 Qh8 27. Qf4 c5 28. Rd3 Bc8 29. Bf6 c4 30. Bxg7 Qxg7 31. Nh5 g5 32. Nxg7 gxf4 33. Nxe8 cxd3 34. Nc7 Rb8 35. Nxd5 Be6 36. Nxf4 Bxa2 37. Nxd3 Rd8 38. Nb4 Bb3 39. Rc3 1-0

[Event "Mitropa Cup Women 2024"]
[Site "Apolda"]
[Date "2024.02.17"]
[Round "3.7"]
[White "Vujnovic, Patricija"]
[Black "Terbe, Zsuzsanna"]
[Result "1/2-1/2"]
[ECO "C44"]
[WhiteElo "2104"]
[BlackElo "2170"]
[Annotator "RC"]
[PlyCount "186"]
[EventDate "2024.02.15"]
[EventType "team-tourn"]
[EventCountry "GER"]
[SourceTitle "playchess.com"]
[Source "ChessBase"]
[SourceQuality "1"]
[WhiteTeam "Croatia"]
[BlackTeam "Hungary"]
[WhiteTeamCountry "CRO"]
[BlackTeamCountry "HUN"]
[TimeControl "40/5400+30:1800+30"]

1. e4 e5 2. d4 exd4 3. c3 dxc3 4. Bc4 Nc6 5. Nxc3 d6 6. Nf3 Nf6 7. Qb3 Qd7 8. e5 dxe5 9. Ng5 Nd8 10. Be3 Bd6 11. O-O-O O-O 12. Nb5 Qe7 13. Nxa7 Bf5 14. Nb5 h6 15. Nf3 Nc6 16. Nh4 Bh7 17. Bd3 e4 18. Bb1 g5 19. g3 gxh4 20. Bxh6 Rfd8 21. gxh4 Bg6 22. Rhg1 Kh7 23. Bd2 Bc5 24. h5 Nxh5 25. Qh3 Bxf2 26. Rg5 Rxd2 27. Rxh5+ Bxh5 28. Qxh5+ Kg7 29. Kxd2 Rd8+ 30. Ke2 Rxd1 31. Kxd1 Ne5 32. Ke2 Qf6 33. Bxe4 Ng6 34. Qf3 Qxb2+ 35. Kf1 Qxb5+ 36. Kxf2 Qc5+ 37. Kg3 Qe5+ 38. Kg4 Qxh2 39. Bxg6 fxg6 40. Qxb7 Qe2+ 41. Kg3 Qd3+ 42. Kg4 Qd1+ 43. Kh3 Qf1+ 44. Kg3 Qg1+ 45. Kh3 Qe3+ 46. Kg2 Qd2+ 47. Kh3 Qc3+ 48. Kg2 Qd2+ 49. Kh3 Qe3+ 50. Kg2 Qe2+ 51. Kg3 Qe5+ 52. Kg2 Qg5+ 53. Kh3 Qf5+ 54. Kg3 Qd3+ 55. Kg2 Qc2+ 56. Kg3 Kf6 57. a4 Qxa4 58. Qxc7 Qb3+ 59. Kg2 Qd5+ 60. Kg3 Qd3+ 61. Kg2 Kf5 62. Qc8+ Kf4 63. Qc7+ Kg4 64. Qc8+ Qf5 65. Qc4+ Kh5 66. Kg3 Qe5+ 67. Kf3 Qf6+ 68. Kg3 Qd6+ 69. Kh3 Qa3+ 70. Kg2 Qe3 71. Qd5+ Kh4 72. Qc4+ Kh5 73. Qd5+ Kh6 74. Qd6 Qg5+ 75. Kh3 Qf5+ 76. Kg3 Qg5+ 77. Kh3 Qe3+ 78. Kg2 Qe4+ 79. Kg3 Qf5 80. Kh4 Qf2+ 81. Kg4 Qg1+ 82. Kh4 Qe1+ 83. Kg4 Qf2 84. Qc6 Qd4+ 85. Kg3 Qe3+ 86. Kg4 Qg5+ 87. Kh3 Qf5+ 88. Kg3 Qe5+ 89. Kg4 Qg5+ 90. Kh3 Qf4 91. Qe6 Kh5 92. Qe2+ Kg5 93. Qe7+ Qf6 1/2-1/2

[Event "Mitropa Cup Women 2024"]
[Site "Apolda"]
[Date "2024.02.17"]
[Round "3.8"]
[White "Karacsonyi, Kata"]
[Black "Mihaljevic, Eva"]
[Result "1-0"]
[ECO "B90"]
[WhiteElo "2087"]
[BlackElo "2043"]
[Annotator "NA RC"]
[PlyCount "115"]
[EventDate "2024.02.15"]
[EventType "team-tourn"]
[EventCountry "GER"]
[SourceTitle "playchess.com"]
[Source "ChessBase"]
[SourceQuality "1"]
[WhiteTeam "Hungary"]
[BlackTeam "Croatia"]
[WhiteTeamCountry "HUN"]
[BlackTeamCountry "CRO"]
[TimeControl "40/5400+30:1800+30"]

1. e4 c5 2. Nf3 d6 3. d4 cxd4 4. Nxd4 Nf6 5. Nc3 a6 6. Rg1 e5 7. Nb3 Be7 8. g4 h6 9. Be3 Be6 10. Qf3 b5 11. O-O-O Nbd7 12. Kb1 Qc7 13. h4 b4 14. Nd5 Bxd5 15. exd5 Rc8 16. Rd2 e4 17. Qd1 Ne5 18. Bxa6 Ra8 19. Be2 Nfd7 20. Rd4 Qa7 21. Nc1 Nc5 22. Rxb4 O-O 23. g5 hxg5 24. Bxg5 Bxg5 25. Rxg5 Rfb8 26. Rxb8+ Rxb8 27. Qd4 Qa5 28. Rg1 Rb4 29. Qe3 Na4 30. Nb3 Qxd5 31. Qg5 g6 32. Rd1 Qe6 33. Qd8+ Kg7 34. Qxd6 Qxd6 35. Rxd6 f5 36. Rd4 Rxd4 37. Nxd4 Kf6 38. f4 Ng4 39. Bb5 Nb6 40. a4 Ne3 41. a5 Nc8 42. Bd7 Na7 43. Nb5 Nc4 44. a6 Ke7 45. Nxa7 Kxd7 46. Nb5 Kc6 47. a7 Kb7 48. Kc1 Ne3 49. Kd2 Nc4+ 50. Ke2 Nxb2 51. Nd6+ Kxa7 52. Nc8+ Kb7 53. Ne7 Na4 54. Nxg6 Nc3+ 55. Kd2 Nd5 56. h5 Kc7 57. h6 Nf6 58. Nf8 1-0

[Event "Mitropa Cup Women 2024"]
[Site "Apolda"]
[Date "2024.02.17"]
[Round "3.9"]
[White "Iglesias, Yosha"]
[Black "Hagarova, Zuzana"]
[Result "0-1"]
[ECO "A48"]
[WhiteElo "2260"]
[BlackElo "2280"]
[Annotator "TA"]
[PlyCount "110"]
[EventDate "2024.02.15"]
[EventType "team-tourn"]
[EventCountry "GER"]
[SourceTitle "playchess.com"]
[Source "ChessBase"]
[SourceQuality "1"]
[WhiteTeam "France"]
[BlackTeam "Slovakia"]
[WhiteTeamCountry "FRA"]
[BlackTeamCountry "SVK"]
[TimeControl "40/5400+30:1800+30"]

1. d4 Nf6 2. Bf4 c5 3. e3 g6 4. Nf3 Bg7 5. Be2 O-O 6. O-O b6 7. a4 Bb7 8. c3 d6 9. h3 Nbd7 10. Bh2 a6 11. Re1 Ne4 12. Nfd2 {[%emt 0:00:51] The position is equal.} Ndf6 13. Nxe4 Nxe4 14. f3 Nf6 15. e4 Nd7 16. d5 b5 $1 17. axb5 Qb6 18. Na3 axb5 19. Bxb5 (19. Kh1 $11) 19... Rxa3 $1 $17 20. Bxd7 {[%emt 0:01:16] [#]} (20. Rxa3 $15 c4+ (20... Qxb5 21. Qb3 $15) 21. Kh1 Qxb5 22. b4) 20... Rxa1 $1 21. Qxa1 Ra8 22. Qb1 {[%emt 0:03:22] [#]} c4+ ({Better is} 22... Qb3 $1 $17 {...Ra2 is the strong threat.} 23. Rc1 Ra2) 23. Kh1 Qc7 24. Bb5 Ra5 25. Be8 Qc8 26. Bc6 Bxc6 27. dxc6 Qxc6 28. e5 {[%emt 0:06:27] Black keeps a firm grip on the game.} dxe5 {[%emt 0:02:12] Black is more active.} 29. b4 cxb3 30. Qxb3 Rb5 $36 {[%emt 0:07:39][%mdl 2048] Black is in control.} 31. Qa4 (31. Qc2 $17) 31... Qxc3 $19 32. Qa8+ Bf8 33. Rd1 Ra5 34. Qd8 Ra1 35. Bg3 e4 36. Be1 $2 (36. Rxa1 Qxa1+ 37. Kh2) 36... Rxd1 37. Qxd1 {[%emt 0:00:05][%mdl 4096] Endgame. KQB-KQB} Qc4 {[%emt 0:00:42] White must now prevent ...Qf1+.} 38. fxe4 Qxe4 39. Bc3 h5 40. Qf3 $2 (40. Qd8) 40... Qxf3 41. gxf3 {[%emt 0:30:10] KB-KB} Bh6 42. Kg2 Bf4 43. Kf2 f6 (43... e5 $142 44. Ke2 Kf8) 44. Ke2 Kf7 45. Kd3 e5 46. Ba5 Ke6 47. Ke4 f5+ (47... g5 $142 48. Kd3 Bc1) 48. Kd3 Kd5 49. h4 e4+ {[%emt 0:00:00] Black mates.} 50. Ke2 Bd6 51. Bd8 Ke6 52. Bb6 Be7 53. Bf2 Ke5 54. Bg3+ f4 55. Be1 e3 {[%emt 0:00:00] Weighted Error Value: White=0.54/Black=0.23 (precise) .  Mistake:       	White=6     	Black=1      Inaccurate:     	---       	Black=2      OK:         	White=9     	Black=7      Best:        	---       	Black=7      Strong:       	---       	Black=3} 0-1

[Event "Mitropa Cup Women 2024"]
[Site "Apolda"]
[Date "2024.02.17"]
[Round "3.10"]
[White "Sankova, Stella"]
[Black "Schippke, Manon"]
[Result "0-1"]
[ECO "B30"]
[WhiteElo "2124"]
[BlackElo "2162"]
[Annotator "RC"]
[PlyCount "56"]
[EventDate "2024.02.15"]
[EventType "team-tourn"]
[EventCountry "GER"]
[SourceTitle "playchess.com"]
[Source "ChessBase"]
[SourceQuality "1"]
[WhiteTeam "Slovakia"]
[BlackTeam "France"]
[WhiteTeamCountry "SVK"]
[BlackTeamCountry "FRA"]
[TimeControl "40/5400+30:1800+30"]

1. e4 c5 2. Nf3 Nc6 3. Bb5 e6 4. Bxc6 bxc6 5. b3 Ne7 6. Bb2 Ng6 7. h4 h5 8. e5 Be7 9. Nc3 Qc7 10. Ne4 c4 11. bxc4 c5 12. O-O Qb7 13. Nxc5 Qxb2 14. Nb3 O-O 15. Re1 Bb7 16. Nfd4 Qa3 17. g3 d6 18. f4 dxe5 19. fxe5 Rad8 20. c3 Qa6 21. d3 f6 22. exf6 Rxf6 23. Qxh5 e5 24. Nf5 Qc6 25. Re4 Qb6+ 26. c5 Bxc5+ 27. Nxc5 Qxc5+ 28. d4 Qxc3 0-1

[Event "Mitropa Cup Women 2024"]
[Site "Apolda"]
[Date "2024.02.17"]
[Round "3.11"]
[White "Navrotescu, Andreea"]
[Black "Sevcikova, Lucia"]
[Result "1-0"]
[ECO "D46"]
[WhiteElo "2222"]
[BlackElo "2007"]
[Annotator "RC"]
[PlyCount "85"]
[EventDate "2024.02.15"]
[EventType "team-tourn"]
[EventCountry "GER"]
[SourceTitle "playchess.com"]
[Source "ChessBase"]
[SourceQuality "1"]
[WhiteTeam "France"]
[BlackTeam "Slovakia"]
[WhiteTeamCountry "FRA"]
[BlackTeamCountry "SVK"]
[TimeControl "40/5400+30:1800+30"]

1. d4 d5 2. c4 c6 3. Nf3 Nf6 4. Nc3 e6 5. e3 Nbd7 6. Qc2 Bd6 7. Bd3 dxc4 8. Bxc4 b5 9. Be2 Bb7 10. O-O O-O 11. e4 e5 12. dxe5 Nxe5 13. Nd4 Neg4 14. Nf5 Bxh2+ 15. Kh1 Bc7 16. Bg5 h6 17. Bh4 g5 18. f3 Ne3 19. Nxe3 gxh4 20. f4 b4 21. Na4 Qd4 22. Nf5 Qxe4 23. Bd3 Qe8 24. Nxh6+ Kh8 25. Nc5 Nh5 26. Rf3 Bxf4 27. Rxf4 Nxf4 28. Qf2 Qe5 29. Qxh4 Qh5 30. Qxh5 Nxh5 31. Nxb7 Nf4 32. Bc4 Kg7 33. Nxf7 Rae8 34. Nbd6 Rb8 35. Re1 Ng6 36. Ng5 Rf6 37. Kg1 a5 38. Nde4 Re8 39. Rd1 Rf5 40. Nd6 Rxg5 41. Nxe8+ Kf8 42. Nd6 Ne5 43. Be2 1-0

[Event "Mitropa Cup Women 2024"]
[Site "Apolda"]
[Date "2024.02.17"]
[Round "3.12"]
[White "Sekova, Olivia"]
[Black "Blanquet, Camille"]
[Result "1/2-1/2"]
[ECO "B15"]
[WhiteElo "2054"]
[BlackElo "2023"]
[Annotator "NA RC"]
[PlyCount "61"]
[EventDate "2024.02.15"]
[EventType "team-tourn"]
[EventCountry "GER"]
[SourceTitle "playchess.com"]
[Source "ChessBase"]
[SourceQuality "1"]
[WhiteTeam "Slovakia"]
[BlackTeam "France"]
[WhiteTeamCountry "SVK"]
[BlackTeamCountry "FRA"]
[TimeControl "40/5400+30:1800+30"]

1. e4 c6 2. d4 d5 3. Nc3 dxe4 4. Nxe4 Nf6 5. Nxf6+ exf6 6. Bc4 Bd6 7. Ne2 O-O 8. O-O Re8 9. Ng3 Bc7 10. Qh5 Be6 11. Bd3 g6 12. Qh4 Nd7 13. Bh6 Bd6 14. Rfe1 Be7 15. c4 f5 16. Qf4 Bf6 17. d5 cxd5 18. cxd5 Bxd5 19. Rxe8+ Qxe8 20. Nxf5 Qe5 21. Qxe5 Nxe5 22. Ne3 Bc6 23. Be2 Rd8 24. Rd1 Rxd1+ 25. Nxd1 Nd7 26. b3 Be4 27. Ne3 Bd4 28. Bf4 Kg7 29. Nc4 Bd5 30. Be3 Bxe3 31. Nxe3 1/2-1/2

[Event "Mitropa Cup Women 2024"]
[Site "Apolda"]
[Date "2024.02.17"]
[Round "3.13"]
[White "Urh, Zala"]
[Black "Polterauer, Chiara"]
[Result "1-0"]
[ECO "D97"]
[WhiteElo "2290"]
[BlackElo "2189"]
[Annotator "TA"]
[PlyCount "55"]
[EventDate "2024.02.15"]
[EventType "team-tourn"]
[EventCountry "GER"]
[SourceTitle "playchess.com"]
[Source "ChessBase"]
[SourceQuality "1"]
[WhiteTeam "Slovenia"]
[BlackTeam "Austria"]
[WhiteTeamCountry "SLO"]
[BlackTeamCountry "AUT"]
[TimeControl "40/5400+30:1800+30"]

1. d4 Nf6 2. c4 g6 3. Nc3 d5 4. Nf3 Bg7 5. Qb3 dxc4 6. Qxc4 O-O 7. e4 a6 8. Be2 b5 9. Qb3 c5 10. dxc5 Nbd7 11. e5 Nxc5 12. Qb4 Nfd7 13. O-O {[%emt 0:00:33] The position is equal.} Bb7 14. Rd1 Qc7 15. Be3 $1 Rfc8 16. Rac1 e6 17. a4 (17. Qh4 {is interesting.} Nxe5 18. Ne4 Bxe4 19. Ng5) 17... Bf8 {[%emt 0:06:12][%cal Oc5d3] [#] Threatens to win with ...Nd3!} 18. Qh4 $1 {[%emt 0:02:58] Black must now prevent b4.} (18. axb5 Nd3 (18... Nxe5 19. b6 $16) 19. Qd4 Nxc1 20. Bxc1 Rd8 $17) 18... b4 19. Nb1 {[%emt 0:06:47] White has more active pieces.} (19. Qxb4 $2 {is the wrong capture.} Nd3 (19... Nxe5 $2 20. Nxe5 $18) 20. Qh4 Nxc1 21. Rxc1 Bg7 $19 (21... Nxe5 $2 22. Nxe5 Qxe5 23. Rd1 $19)) ({Better is} 19. Ng5 $1 $16 h6 20. Nce4 Bxe4 (20... hxg5 $2 21. Nxg5 Bg7 22. Rxc5 $18) 21. Nxe4 Qxe5 22. Rxc5 (22. Bxh6 $2 Bxh6 23. Qxh6 Nxe4 $19) (22. Nxc5 Nxc5 23. Qxb4 Rab8 $14) 22... Bxc5 23. Bxh6 (23. Rxd7 Bxe3 24. fxe3 Rc1+ 25. Kf2 g5 $16)) 19... a5 ({Black should try} 19... Nxe5 $11 20. Nbd2 Nxf3+ 21. Nxf3 Bd5) 20. Nbd2 $14 Ba6 $2 {[%emt 0:13:25][%mdl 8192] A mistake that costs the game.} ({Much worse is} 20... Nxe5 $6 21. Ng5 h5 22. Nde4 Bxe4 23. Nxe4 $18) (20... Bd5 $11) 21. Bxa6 $18 {[%emt 0:04:40] White is clearly winning.} Rxa6 22. Ne4 Rc6 23. Nd4 Ra6 24. Nb5 Qc6 {[%emt 0:02:31] [#]} 25. Rxd7 $1 Nxd7 26. Rxc6 Raxc6 27. h3 (27. Na7 $2 {gets mated.} Rc1+ 28. Bxc1 Rxc1#) 27... Bg7 28. Na7 {[%emt 0:01:01] Weighted Error Value: White=0.20 (precise) /Black=0.30.  Loses game:     	---       	Black=1      Mistake:       	White=1     	Black=1      Inaccurate:     	---       	Black=2      OK:         	White=6     	Black=3      Best:        	White=1     	Black=1      Strong:       	White=2     	---} 1-0

[Event "Mitropa Cup Women 2024"]
[Site "Apolda"]
[Date "2024.02.17"]
[Round "3.14"]
[White "Hapala, Elisabeth"]
[Black "Shpanko, Nadiia"]
[Result "1/2-1/2"]
[ECO "B15"]
[WhiteElo "2001"]
[BlackElo "2179"]
[Annotator "RC"]
[PlyCount "113"]
[EventDate "2024.02.15"]
[EventType "team-tourn"]
[EventCountry "GER"]
[SourceTitle "playchess.com"]
[Source "ChessBase"]
[SourceQuality "1"]
[WhiteTeam "Austria"]
[BlackTeam "Slovenia"]
[WhiteTeamCountry "AUT"]
[BlackTeamCountry "SLO"]
[TimeControl "40/5400+30:1800+30"]

1. e4 c6 2. d4 d5 3. Nc3 dxe4 4. Nxe4 Nf6 5. Nxf6+ exf6 6. c3 Bd6 7. Bd3 O-O 8. Qc2 h6 9. Ne2 Nd7 10. O-O Qc7 11. Ng3 c5 12. d5 c4 13. Be2 Re8 14. Be3 b5 15. a4 Bb7 16. axb5 Bc5 17. d6 Bxd6 18. Rxa7 Bxg3 19. hxg3 Rxa7 20. Bxa7 Be4 21. Qa4 Bxg2 22. Qxc4 Qb7 23. Bd4 Bxf1 24. Bxf1 Ne5 25. Bxe5 Rxe5 26. Qc6 Qxc6 27. bxc6 Rc5 28. Bg2 Kf8 29. b4 Rxc3 30. b5 Ke7 31. b6 Kd8 32. c7+ Kc8 33. Bh3+ Kb7 34. Kf1 g6 35. Bd7 Rc2 36. Ke1 h5 37. Kd1 Rc5 38. Ke2 Rc2+ 39. Kd3 Rc1 40. Ke4 Re1+ 41. Kf4 Rc1 42. Kf3 Rc3+ 43. Kg2 Rc2 44. Kh3 Rc3 45. f3 Rc2 46. g4 hxg4+ 47. Kxg4 Rc4+ 48. Kg3 Rc2 49. f4 Rc1 50. Kg4 Rc3 51. Kh4 g5+ 52. fxg5 Rc4+ 53. Kh5 fxg5 54. Kxg5 Rxc7 55. bxc7 Kxc7 56. Kf6 Kxd7 57. Kxf7 1/2-1/2

[Event "Mitropa Cup Women 2024"]
[Site "Apolda"]
[Date "2024.02.17"]
[Round "3.15"]
[White "Vidic, Teja"]
[Black "Mayrhuber, Nikola"]
[Result "1-0"]
[ECO "B51"]
[WhiteElo "2132"]
[BlackElo "2009"]
[Annotator "NA RC"]
[PlyCount "59"]
[EventDate "2024.02.15"]
[EventType "team-tourn"]
[EventCountry "GER"]
[SourceTitle "playchess.com"]
[Source "ChessBase"]
[SourceQuality "1"]
[WhiteTeam "Slovenia"]
[BlackTeam "Austria"]
[WhiteTeamCountry "SLO"]
[BlackTeamCountry "AUT"]
[TimeControl "40/5400+30:1800+30"]

1. e4 c5 2. Nf3 d6 3. Bb5+ Nd7 4. c4 a6 5. Ba4 Ngf6 6. Nc3 g6 7. O-O Bg7 8. d3 O-O 9. h3 Rb8 10. Rb1 Ne8 11. d4 cxd4 12. Nxd4 Nc5 13. Bxe8 Qxe8 14. a4 Bd7 15. b3 Bc6 16. Re1 Ne6 17. Be3 Nxd4 18. Bxd4 b5 19. Bxg7 Kxg7 20. Qd4+ f6 21. cxb5 axb5 22. axb5 Bxb5 23. Nd5 e5 24. Qd2 f5 25. exf5 gxf5 26. f4 Bc6 27. fxe5 dxe5 28. Qg5+ Kh8 29. Ne7 Be4 30. Rxe4 1-0

[Event "Mitropa Cup Women 2024"]
[Site "Apolda"]
[Date "2024.02.17"]
[Round "3.16"]
[White "Deak-Sala, Emilia"]
[Black "Mihelic, Vesna"]
[Result "1/2-1/2"]
[ECO "C54"]
[WhiteElo "1843"]
[BlackElo "2112"]
[Annotator "NA RC"]
[PlyCount "102"]
[EventDate "2024.02.15"]
[EventType "team-tourn"]
[EventCountry "GER"]
[SourceTitle "playchess.com"]
[Source "ChessBase"]
[SourceQuality "1"]
[WhiteTeam "Austria"]
[BlackTeam "Slovenia"]
[WhiteTeamCountry "AUT"]
[BlackTeamCountry "SLO"]
[TimeControl "40/5400+30:1800+30"]

1. e4 e5 2. Nf3 Nc6 3. Bc4 Bc5 4. c3 Nf6 5. d4 exd4 6. e5 d5 7. Bb5 Ne4 8. cxd4 Bb6 9. Nc3 O-O 10. Be3 Bf5 11. O-O f6 12. exf6 Nxc3 13. bxc3 Qxf6 14. Qb3 Be4 15. Ng5 Qg6 16. Bxc6 bxc6 17. Nxe4 Qxe4 18. a4 Ba5 19. Qa3 Qd3 20. Rac1 Qc4 21. Qc5 Qxc5 22. dxc5 Rab8 23. Bd4 Rb3 24. Rb1 Rfb8 25. Rxb3 Rxb3 26. Rc1 Ra3 27. Kf1 Rxa4 28. Ke2 Rc4 29. Kd3 Bb4 30. Ra1 Bxc5 31. Bxc5 Rxc5 32. Rxa7 Kf7 33. Rxc7+ Kf6 34. Kd4 Rc4+ 35. Kd3 h5 36. Rc8 Kg5 37. h3 Kf6 38. Rc7 g6 39. Rc8 Kf5 40. Rf8+ Ke6 41. Rg8 Kf7 42. Rc8 h4 43. Rc7+ Kf6 44. Rc8 Ke6 45. Rg8 Kf7 46. Rc8 g5 47. Rc7+ Kf6 48. Rc8 Kf5 49. Rf8+ Ke5 50. Re8+ Kf6 51. Rc8 Ke5 1/2-1/2

[Event "Mitropa Cup Women 2024"]
[Site "Apolda"]
[Date "2024.02.17"]
[Round "3.17"]
[White "Novosadova, Kristyna"]
[Black "Brunello, Marina"]
[Result "0-1"]
[ECO "B10"]
[WhiteElo "2188"]
[BlackElo "2345"]
[Annotator "TA"]
[PlyCount "42"]
[EventDate "2024.02.15"]
[EventType "team-tourn"]
[EventCountry "GER"]
[SourceTitle "playchess.com"]
[Source "ChessBase"]
[SourceQuality "1"]
[WhiteTeam "Czech Republic"]
[BlackTeam "Italy"]
[WhiteTeamCountry "CZE"]
[BlackTeamCountry "ITA"]
[TimeControl "40/5400+30:1800+30"]

1. e4 c6 2. Nf3 d5 3. d3 dxe4 4. dxe4 Qxd1+ 5. Kxd1 Nf6 6. Bd3 Nbd7 7. b4 a5 8. bxa5 {[%emt 0:00:40] Schwarz steht etwas besser.} Rxa5 9. Bd2 Ra8 10. Nc3 e5 11. Ke2 Ba3 12. Rhb1 (12. Bc1 $1 $15) 12... Ke7 (12... O-O $17) 13. Nd1 Ne8 14. Ne3 Nd6 15. g4 Nc5 {[%emt 0:10:12] ...f6 ist eine echte Drohung.} 16. Nxe5 Ndxe4 17. Be1 Nxd3 18. cxd3 Nd6 19. N5c4 Bc5 20. Bc3 Nb5 (20... Nxc4 $17 21. dxc4 Ra4 22. Nf5+ Kd8 (22... Bxf5 23. gxf5 b6 24. Re1 $17) 23. Bxg7 Re8+ 24. Kf3 h5 (24... Rxc4 $2 25. Rc1 $19)) 21. Rxb5 $2 {[%emt 0:11:50] [#]} cxb5 {[%emt 0:00:43] Gewichteter Fehlerwert: Weiß=0.30/Schwarz=0.13 (sehr präzise) .  Verlustzug:     	Weiß=1     	---        Fehler:       	Weiß=1     	Schwarz=2     Ungenau:       	Weiß=5     	Schwarz=1     OK:         	Weiß=1     	Schwarz=6     Bester:       	Weiß=1     	---} 0-1

[Event "Mitropa Cup Women 2024"]
[Site "Apolda"]
[Date "2024.02.17"]
[Round "3.18"]
[White "Zimina, Olga"]
[Black "Koubova, Anna Marie"]
[Result "1-0"]
[ECO "C95"]
[WhiteElo "2291"]
[BlackElo "2100"]
[Annotator "TA"]
[PlyCount "60"]
[EventDate "2024.02.15"]
[EventType "team-tourn"]
[EventCountry "GER"]
[SourceTitle "playchess.com"]
[Source "ChessBase"]
[SourceQuality "1"]
[WhiteTeam "Italy"]
[BlackTeam "Czech Republic"]
[WhiteTeamCountry "ITA"]
[BlackTeamCountry "CZE"]
[TimeControl "40/5400+30:1800+30"]

1. e4 e5 2. Nf3 Nc6 3. Bb5 a6 4. Ba4 Nf6 5. O-O Be7 6. Re1 b5 7. Bb3 d6 8. c3 O-O 9. h3 Nb8 10. d4 Nbd7 11. Nbd2 Bb7 12. Bc2 Re8 13. Nf1 Bf8 14. Ng3 g6 15. a4 c5 16. d5 c4 17. Bg5 Nc5 18. axb5 axb5 19. Rxa8 Bxa8 {[%emt 0:00:12] The position is equal.} 20. Nh2 Be7 21. Bh6 Bb7 22. Qf3 Bc8 23. Ra1 Bd7 24. Nhf1 Bf8 25. Bg5 Be7 26. Be3 Qc7 27. Nh2 Rb8 28. Qe2 Na4 29. Bxa4 bxa4 30. Rf1 (30. Bc1 $11) 30... Rb3 {[%emt 0:09:33][%mdl 32768] Weighted Error Value: White=0.10 (very precise) /Black=0.02 (flawless) .  Mistake:       	White=1     	Black=1      OK:         	White=4     	Black=6     . Loss on time!?} ({Better is} 30... h5 $15 31. Nf3 Qb7) 1-0

[Event "Mitropa Cup Women 2024"]
[Site "Apolda"]
[Date "2024.02.17"]
[Round "3.19"]
[White "Lhotska, Anna"]
[Black "Cassi, Elisa"]
[Result "1-0"]
[ECO "A46"]
[WhiteElo "2053"]
[BlackElo "2033"]
[Annotator "NA RC"]
[PlyCount "35"]
[EventDate "2024.02.15"]
[EventType "team-tourn"]
[EventCountry "GER"]
[SourceTitle "playchess.com"]
[Source "ChessBase"]
[SourceQuality "1"]
[WhiteTeam "Czech Republic"]
[BlackTeam "Italy"]
[WhiteTeamCountry "CZE"]
[BlackTeamCountry "ITA"]
[TimeControl "40/5400+30:1800+30"]

1. d4 Nf6 2. Nf3 e6 3. g3 b5 4. e3 a6 5. a4 b4 6. Bg2 Bb7 7. c4 bxc3 8. Nxc3 Be7 9. O-O O-O 10. Qb3 Qc8 11. a5 d5 12. Bd2 Nbd7 13. Na4 c5 14. dxc5 Nxc5 15. Nxc5 Bxc5 16. Rfc1 Rb8 17. Qd1 Ne4 18. b4 1-0

[Event "Mitropa Cup Women 2024"]
[Site "Apolda"]
[Date "2024.02.17"]
[Round "3.20"]
[White "Sala, Giulia"]
[Black "Rybackova, Lucie"]
[Result "1-0"]
[ECO "B42"]
[WhiteElo "2035"]
[BlackElo "1970"]
[Annotator "NA RC"]
[PlyCount "83"]
[EventDate "2024.02.15"]
[EventType "team-tourn"]
[EventCountry "GER"]
[SourceTitle "playchess.com"]
[Source "ChessBase"]
[SourceQuality "1"]
[WhiteTeam "Italy"]
[BlackTeam "Czech Republic"]
[WhiteTeamCountry "ITA"]
[BlackTeamCountry "CZE"]
[TimeControl "40/5400+30:1800+30"]

1. e4 c5 2. Nf3 e6 3. d4 cxd4 4. Nxd4 a6 5. Bd3 Bc5 6. Nb3 Ba7 7. O-O d6 8. Nc3 Nf6 9. Kh1 b5 10. a3 Bb7 11. f4 Qc7 12. Qf3 Nbd7 13. Be3 Bxe3 14. Qxe3 h5 15. Rae1 e5 16. Nd5 Nxd5 17. exd5 Bxd5 18. Be4 Bxe4 19. Qxe4 O-O 20. f5 Nf6 21. Qe3 e4 22. Nd4 d5 23. Qg5 Qc4 24. c3 Rfe8 25. Kg1 Qc5 26. Re3 Qf8 27. Rf4 Rab8 28. g4 hxg4 29. h3 Rb6 30. Qh4 Qd6 31. Ne2 Qe7 32. Rg3 a5 33. hxg4 Nh7 34. g5 g6 35. f6 Qe5 36. Qh6 Nxf6 37. gxf6 Rxf6 38. Rg5 Qe6 39. Nd4 Qb6 40. Rh4 Rf1+ 41. Kxf1 Qf6+ 42. Rf5 1-0